 Dungeon Crawl Stone Soup version 0.28-a0-750-g7c675f85b1 (webtiles) character file.

Game seed: 1319273574970571049

7 ytrimaz the Chopper (level 1, 0/16 HPs)
             Began as a Demonspawn Gladiator on Oct 29, 2021.
             Slain by a hobgoblin (3 damage)
             ... on level 1 of the Dungeon.
             The game lasted 00:00:20 (59 turns).

ytrimaz the Chopper (Demonspawn Gladiator)            Turns: 59, Time: 00:00:21

Health: 0/16       AC:  4    Str: 14    XL:     1   Next: 83%
Magic:  1/1        EV: 12    Int:  9    God:
Gold:   0          SH:  0    Dex: 14    Spells: 0/0 levels left

rFire   . . .      SeeInvis .   a - +0 war axe
rCold   . . .      Faith    .   (no shield)
rNeg    . . .      Spirit   .   b - +0 leather armour
rPois   .          Reflect  .   c - +0 helmet
rElec   .          Harm     .   (no cloak)
rCorr   .          Rampage  .   (no gloves)
Will    .....                   (no boots)
Stlth   +.........              (no amulet)
HPRegen 0.05/turn               (no ring)
MPRegen 0.07/turn               (no ring)

@: no status effects
A: no striking features
a: no special abilities


You were on level 1 of the Dungeon.
You visited 1 branch of the dungeon, and saw 1 of its levels.

Inventory:

Hand Weapons
 a - a +0 war axe (weapon)
Missiles
 d - 3 throwing nets (quivered)
Armour
 b - a +0 leather armour (worn)
 c - a +0 helmet (worn)
Scrolls
 e - a scroll of identify {unknown}


   Skills:
 + Level 2.1 Fighting
 + Level 2.9 Axes
 - Level 1.7 Throwing
 + Level 2.9 Dodging


You couldn't memorise any spells.
You didn't know any spells.
Your spell library was empty.

Dungeon Overview and Level Annotations

Branches:
Dungeon (1/15)

Altars:


Message History

The ball python bites you. The ball python constricts you.
You slash the ball python!
You kill the ball python!
You hit the hobgoblin.
You kill the hobgoblin!
The hobgoblin hits you but does no damage.
You closely miss the hobgoblin. The hobgoblin barely misses you.
The hobgoblin completely misses you.
You closely miss the hobgoblin. The hobgoblin closely misses you.
You slash the hobgoblin!
You kill the hobgoblin!
There is a stone staircase leading down, spattered with blood here.
A rat comes into view.
A rat is nearby!
A rat is nearby!
A rat is nearby!
The rat barely misses you.
You hit the rat.
The rat is heavily wounded.
The rat bites you but does no damage.
An endoplasm comes into view.
The rat closely misses you.
The endoplasm quivers.
You slash the rat!
You kill the rat!
Found an escape hatch in the floor.
Found a stone staircase leading down.
A hobgoblin comes into view.
You hit the endoplasm but do no damage. The endoplasm misses you.
You slash the endoplasm!
You kill the endoplasm!
Unknown command.
The hobgoblin barely misses you.
You closely miss the hobgoblin. The hobgoblin hits you. x2
You hit the hobgoblin but do no damage. The hobgoblin hits you.
You barely miss the hobgoblin. The hobgoblin barely misses you.
The hobgoblin hits you.
You hit the hobgoblin but do no damage. The hobgoblin hits you.
* * * LOW HITPOINT WARNING * * *
You completely miss the hobgoblin. The hobgoblin hits you.
You die...

#.#####.♣
#####.....#.♣♣
............♣♣
##...........♣
#...>........♣♣
#..............
#.....g........
#.....@.....>..
#..............
#.#.............
..
##.....#.....# #
#.....# ##..
#.....# ... #..
#.....# .. ..
####..# .# #.#
#..##.#


You could see a hobgoblin.

Vanquished Creatures
  An endoplasm (D:1)
  A giant cockroach (D:1)
  2 hobgoblins (D:1)
  A ball python (D:1)
  A rat (D:1)
6 creatures vanquished.

Notes
Turn   | Place    | Note
-------+----------+-------------------------------------------
     0 | D:1      | ytrimaz the Demonspawn Gladiator began the quest for the
                  | Orb.
     0 | D:1      | Reached XP level 1. HP: 16/16 MP: 1/1
    59 | D:1      | Slain by a hobgoblin

Illustrated notes

Levels and vault maps discovered:
D:1:      amcnicky_arrival_wind_blow, layout_rooms,
          shapermc_ecumenical_altar_totnotflames

Action                   || total
-------------------------++-------
Melee: War axe           ||    16
Armor: Leather armour    ||     4
Dodge: Dodged            ||    13

Table legend: (Time is in decaauts)
 A = Elapsed time spent in this place.
 B = Non-inter-level travel time spent in this place.
 C = Inter-level travel time spent in this place.
 D = Time resting spent in this place.
 E = Time spent auto-exploring this place.
 F = Levels seen in this place.
 G = Mean time per level.
                   A        B        C        D        E       F      G
               +--------+--------+--------+--------+--------+-----+--------+
         Total |     64 |     64 |      0 |      0 |     13 |   1 |   64.0 |
       Dungeon |     64 |     64 |      0 |      0 |     13 |   1 |   64.0 |
               +--------+--------+--------+--------+--------+-----+--------+

Top non-repeatable levels by time:
     D:1: 64 daAuts
